 Dungeon Crawl Stone Soup version 0.29-a0-344-ge2f44be95a (webtiles) character file.

Game seed: 5084743680560314237

212 spaghetti the Skirmisher (level 5, -2/49 HPs)
             Began as a Naga Fighter on Apr 21, 2022.
             Slain by a gnoll
             ... wielding a +0 spear
              (5 damage)
             ... on level 3 of the Dungeon.
             The game lasted 00:06:01 (3431 turns).

spaghetti the Skirmisher (Naga Fighter)             Turns: 3431, Time: 00:06:02

Health: -2/49      AC:  7    Str: 19    XL:     5   Next: 90%
Magic:  5/5        EV:  7    Int: 10    God:
Gold:   110        SH:  4    Dex: 10    Spells: 3/4 levels left

rFire   + . .      SeeInvis +   f - +3 whip (distort) {!wmace}
rCold   + . .      Faith    .   c - +0 buckler
rNeg    . . .      Spirit   .   b - +0 scale mail
rPois   +          Reflect  .   h - +0 helmet
rElec   +          Harm     .   l - +0 cloak
rCorr   +          Rampage  .   (no gloves)
Will    .....                   (no barding)
Stlth   ..........              (no amulet)
HPRegen 0.16/turn               (no ring)
MPRegen 0.09/turn               (no ring)

@: silenced, resistant, attractive, very slow
A: AC +1, large, see invisible, deformed body, poison resistance, slowness 2,
spit poison 1, naga tail 1
a: Spit Poison


You were on level 3 of the Dungeon.
You visited 1 branch of the dungeon, and saw 3 of its levels.

You collected 110 gold pieces.


Innate Abilities, Weirdness & Mutations

Your serpentine skin is tough. (AC +1)
You have supernaturally acute eyesight. (SInv)
Armour fits poorly on your strangely shaped body.
Your system is resistant to poisons. (rPois)
You cover ground very slowly.
You can spit poison.
You have a snake-like lower body.


   Skills:
 + Level 3.5 Fighting
 - Level 2.1(3.0) Axes
 * Level 3.3(3.6) Maces & Flails
 + Level 1.7 Throwing
 + Level 3.0 Armour
 - Level 2.4 Shields
 + Level 1.5 Summonings


You had 3 spell levels left.
You knew the following spells:

 Your Spells              Type           Power      Damage    Failure   Level
a - Summon Small Mammal   Summ           12%        N/A       58%         1

Your spell library contained the following spells:

 Spells                   Type           Power      Damage    Failure   Level
 Call Canine Familiar     Summ           3%         N/A       92%         3
 Summon Guardian Golem    Hex/Summ       1%         N/A       97%         3
 Ignite Poison            Fire/Tmut/Pois 0%         N/A       99%         3
 Mephitic Cloud           Conj/Pois/Air  0%         N/A       99%         3
 Freezing Cloud           Conj/Ice/Air   0%         6-21      100%        5

Inventory:

Hand Weapons
 a - a +0 war axe {axe}
 f - a +3 whip of distortion (weapon) {!wmace}
   (You took it off a kobold on level 1 of the Dungeon)
Missiles
 g - 71 stones (quivered) {throwing}
 n - 2 boomerangs {throwing}
Armour
 b - a +0 scale mail (worn)
 c - a +0 buckler (worn)
 h - a +0 helmet (worn)
   (You took it off Robin on level 2 of the Dungeon)
 l - a +0 cloak (worn)
   (You found it on level 2 of the Dungeon)
Wands
 d - a wand of digging (4)
   (You took it off Robin on level 2 of the Dungeon)
Scrolls
 e - 4 scrolls of identify {@r1}
 o - a scroll of teleportation {unknown}
 r - a scroll of fear {unknown}
 s - a scroll of fog {unknown}
Potions
 q - a potion of attraction {!q}

Dungeon Overview and Level Annotations

Branches:
Dungeon (3/15)

Altars:
Xom

,,,,****,,#########.# *....
,,*,**,,,,,,,* ##.## ##....
,,*,**,,,,**,* #...# ###.....
,**,**,,,,**,* #...# #.......
,,,,*,,,,,**,* #...# #.#.#..#
***,,,,,,,*#,* #...#####.#.#..#
,,*,*,,,*?##.#####...........##.#
,,,,,,,,,.(.rhg............#.##.#
,,,,,,,,,(.hBhg.@..........#...)<
,,,,*,,**#.##gg............#.##[#
,,,,,,,* *,*######........<#.##.#
**,***,***,* #...###........#
*,***,,,,,* #...# #####.....
**,,,,,,,*** #...# #.....
,,******,* #...# #..... ,,,,,*
*,* **,##*****##.... *,**,* *,*
*,,,,,,,*,#..##


You could see 4 gnolls, 3 jackals, a giant cockroach (inner flame) and a rat
(inner flame).


Message History

No target in view!
No target in view!
No target in view!
No target in view!
No target in view!
No target in view!
No target in view!
s - a scroll labelled NYOP OHIKLEUW You now have 103 gold pieces (gained 16).
g - 76 stones {throwing} (gained 1)
g - 77 stones {throwing} (gained 1)
You now have 110 gold pieces (gained 7).
A gnoll comes into view. It is wielding a +0 spear.
The gnoll shouts!
You hear a bark!
A gnoll comes into view. It is wielding a +0 halberd.
You hear a shout!
You throw a stone {throwing}. The gnoll shouts!
The stone {throwing} hits the gnoll but does no damage.
You hear a bark!
A gnoll comes into view. It is wielding a +0 spear.
You throw a stone {throwing}.
The stone {throwing} barely misses the gnoll.
The stone {throwing} closely misses the gnoll.
The gnoll shouts!
You throw a stone {throwing}.
The stone {throwing} barely misses the gnoll.
A jackal comes into view.
A gnoll comes into view. It is wielding a +0 halberd.
A jackal comes into view.
You throw a stone {throwing}.
The stone {throwing} hits the gnoll but does no damage.
A giant cockroach comes into view.
You throw a stone {throwing}.
The stone {throwing} closely misses the gnoll.
The stone {throwing} hits the gnoll.
The gnoll barely misses you.
You throw a stone {throwing}. The stone {throwing} hits the gnoll.
A rat comes into view.
The gnoll hits you from afar with a +0 halberd!
The gnoll barely misses you.
You are too injured to fight recklessly!
You are too injured to fight recklessly!
You are too injured to fight recklessly!
You are too injured to fight recklessly!
You are too injured to fight recklessly!
You are too injured to fight recklessly!
You are too injured to fight recklessly!
You are too injured to fight recklessly! 😕 HP[-10]
You take 10 damage, and now have 39/49 hp.
MASSIVE DAMAGE!! (PAUSE)
As you read the scroll labelled RIK ULUETROS, it crumbles to dust.
You feel aware of your surroundings.
You sensed 1 altar.
It was a scroll of magic mapping.
The gnoll closely misses you. You block the gnoll's attack.
The gnoll hits you from afar with a +0 spear.
A jackal comes into view. 😕 HP[-2]
You take 2 damage, and now have 37/49 hp.
As you read the scroll labelled PIARIE QAOV, it crumbles to dust.
The creatures around you are filled with an inner flame!
It was a scroll of immolation.
The gnoll hits you from afar with a +0 halberd.
The gnoll hits you from afar with a +0 spear!
You block the gnoll's attack. 😮 HP[-10]
You take 10 damage, and now have 27/49 hp.
MASSIVE DAMAGE!! (PAUSE)
As you read the scroll labelled WEGADY KEUK, it crumbles to dust.
A profound silence engulfs you.
It was a scroll of silence.
The gnoll barely misses you.
The gnoll hits you from afar with a +0 spear. x2
* * * LOW HITPOINT WARNING * * *
😨 HP[-4]
You take 4 damage, and now have 23/49 hp.
Magic scrolls do not work when you're silenced!
It was a potion of resistance.
You feel protected.
The gnoll hits you from afar with a +0 halberd!
* * * LOW HITPOINT WARNING * * *
The gnoll hits you but does no damage. The gnoll barely misses you. 😱 HP[-12]
You take 12 damage, and now have 11/49 hp.
MASSIVE DAMAGE!! (PAUSE) It was a potion of curing.
You feel better.
The gnoll hits you from afar with a +0 halberd!
* * * LOW HITPOINT WARNING * * *
The gnoll closely misses you.
The gnoll hits you from afar with a +0 spear.
* * * LOW HITPOINT WARNING * * *
😱 HP[-3]
You take 3 damage, and now have 8/49 hp.
Magic scrolls do not work when you're silenced!
It was a potion of attraction.
You feel attractive to monsters. The gnoll barely misses you.
The gnoll hits you from afar with a +0 spear.
* * * LOW HITPOINT WARNING * * *
The gnoll hits you from afar with a +0 spear.
You die...

Skill      XL: |  1  2  3  4  5 |
---------------+----------------+-----
Maces & Flails | 1 2 3 |  3.3
Throwing       | 1 |  1.7
Summonings     | 1 |  1.5
Armour         | 3 |  3.0
Fighting       | |  3.5
Axes           | |  2.1
Shields        | |  2.4

Action                   |  1- 3 |  4- 6 || total
-------------------------+-------+-------++-------
Melee: War axe           |     5 |       ||     5
       Whip              |    69 |    66 ||   135
Throw: Stone             |    33 |    70 ||   103
 Abil: Spit Poison       |     3 |     2 ||     5
  Use: Scroll            |     4 |     3 ||     7
       Potion            |     2 |     3 ||     5
Armor: Scale mail        |    35 |    26 ||    61
Dodge: Dodged            |    31 |    21 ||    52
Block: Buckler           |     8 |    12 ||    20

Levels and vault maps discovered:
D:1:      lightli_arrival_isolated_outpost, layout_basic,
          ebering_ecumenical_altar_box
D:2:      minmay_chambers_of_ones, layout_basic, basic_altar, uniq_jessica,
          uniq_robin
D:3:      layout_loops_cross, ashenzari_altar_1

Notes
Turn   | Place    | Note
-------+----------+-------------------------------------------
     0 | D:1      | spaghetti the Naga Fighter began the quest for the Orb.
     0 | D:1      | Reached XP level 1. HP: 21/21 MP: 1/1
     0 | D:1      | magus.rc [v1.9.6]
   252 | D:1      | Reached XP level 2. HP: 25/28 MP: 2/2
   304 | D:1      | Reached skill level 1 in Maces & Flails
   553 | D:1      | Found a faded altar of an unknown god.
   631 | D:1      | Reached XP level 3. HP: 33/34 MP: 3/3
  1122 | D:2      | You pick up a book of Callings and begin reading...
  1122 | D:2      | You add the spells Summon Small Mammal, Call Canine
                  | Familiar and Summon Guardian Golem to your library.
  1125 | D:2      | Learned a level 1 spell: Summon Small Mammal
  1200 | D:2      | Reached skill level 2 in Maces & Flails
  1200 | D:2      | Reached skill level 1 in Throwing
  1311 | D:2      | Found a shimmering altar of Xom.
  1316 | D:2      | Noticed Robin
  1325 | D:2      | HP: 7/34 [goblin/+0 club[Robin] (4)]
  1335 | D:2      | HP: 7/34 [Robin/goblin (1)]
  1337 | D:2      | Killed Robin
  1342 | D:2      | HP: 1/34 [goblin/+0 club[Robin] (3)]
  1343 | D:2      | Reached XP level 4. HP: 1/42 MP: 4/4
  2125 | D:2      | Noticed Jessica
  2136 | D:2      | Killed Jessica
  2137 | D:2      | Reached skill level 1 in Summonings
  2219 | D:2      | You add the spells Ignite Poison, Mephitic Cloud and
                  | Freezing Cloud to your library.
  2517 | D:2      | Reached XP level 5. HP: 43/49 MP: 5/5
  2725 | D:2      | Reached skill level 3 in Maces & Flails
  2906 | D:3      | Reached skill level 3 in Armour
  3429 | D:3      | HP: 11/49 [gnoll/+0 halberd (12)]
  3431 | D:3      | HP: 3/49 [gnoll/+0 spear (5)]
  3431 | D:3      | Slain by a gnoll

Vanquished Creatures
  Jessica (D:2)
  2 orc wizards
  Robin (D:2)
  An adder (D:2)
  A worm (D:2)
  3 dart slugs
  An orc (D:2)
  5 ball pythons
  3 bats
  7 endoplasms
  11 goblins (D:2)
  8 hobgoblins
  12 jackals
  A quokka (D:1)
  2 frilled lizards
  4 kobolds
  3 rats
66 creatures vanquished.

Table legend:
 A = Non-vault XP
 B = Vault XP
 C = Vault XP percentage of total XP
 D = Non-vault monster count
 E = Vault monster count
 F = Vault count percentage of total count
                 A         B        C        D         E       F
            +---------+---------+-------+---------+---------+-------
      Total |     210 |      94 |  30.9 |      51 |      18 |  26.1
            +---------+---------+-------+---------+---------+-------
        D:1 |      34 |       0 |   0.0 |      18 |       0 |   0.0
        D:2 |      83 |      94 |  53.1 |      23 |      18 |  43.9
        D:3 |      93 |       0 |   0.0 |      10 |       0 |   0.0
            +---------+---------+-------+---------+---------+-------

Illustrated notes

Table legend:
 A = Kills in this place as a percentage of kills in entire the game.
 B = Kills by you in this place as a percentage of kills by you in the entire game.
 C = Kills by friends in this place as a percentage of kills by friends in the entire game.
 D = Other kills in this place as a percentage of other kills in the entire game.
 E = Experience gained in this place as a percentage of experience gained in the entire game.
 F = Experience gained in this place divided by the number of levels of this place that you have seen.
                   A       B       C       D       E      F
               +-------+-------+-------+-------+-------+----------------------
         Total | 100.0 | 100.0 |   N/A | 100.0 | 100.0 | 101.3
       Dungeon | 100.0 | 100.0 |   N/A | 100.0 | 100.0 | 101.3
               +-------+-------+-------+-------+-------+----------------------

Table legend: (Time is in decaauts)
 A = Elapsed time spent in this place.
 B = Non-inter-level travel time spent in this place.
 C = Inter-level travel time spent in this place.
 D = Time resting spent in this place.
 E = Time spent auto-exploring this place.
 F = Levels seen in this place.
 G = Mean time per level.
                   A        B        C        D        E       F      G
               +--------+--------+--------+--------+--------+-----+--------+
         Total |   4148 |   4043 |    105 |    993 |   2542 |   3 | 1382.7 |
       Dungeon |   4148 |   4043 |    105 |    993 |   2542 |   3 | 1382.7 |
               +--------+--------+--------+--------+--------+-----+--------+

Top non-repeatable levels by time:
     D:2: 2171 daAuts
     D:1: 1230 daAuts
     D:3: 746 daAuts
